 Dungeon Crawl Stone Soup version 0.30.1-11-g7821555f0a (webtiles) character file.

Game seed: 10758646498965078801

8887 booth the Cleaver (level 11, -4/89 HPs)
             Began as a Demonspawn Monk on Nov 4, 2023.
             Was an Initiate of Gozag.
             Slain by a centaur warrior
             ... wielding a +0 flail
              (12 damage)
             ... on level 9 of the Dungeon on Nov 5, 2023.
             The game lasted 01:03:02 (9813 turns).

booth the Cleaver (Demonspawn Monk)                 Turns: 9813, Time: 01:03:02

Health: -4/89      AC:  9    Str: 21    XL:     11   Next: 15%
Magic:  11/11      EV: 16    Int: 16    God:    Gozag
Gold:   1125       SH:  0    Dex: 17    Spells: 10/10 levels left

rFire   + . .        u - +4 war axe
rCold   + . .        (no shield)
rNeg    . . .        k - +1 leather armour {Will+}
rPois   +            z - +1 hat {Stlth+}
rElec   .            D - scarf {rC+ rF+}
rCorr   .            g - +2 pair of gloves
SInv    .            (no boots)
Will    +....        e - amulet of regeneration
Stlth   ++           o - ring of poison resistance
HPRegen 1.14/turn    J - ring of Lupp {Str+6 Int+3 Dex+2}
MPRegen 0.12/turn

%: no passive effects
@: studying Throwing
A: antennae 2, rugged brown scales 1, ignite blood 1, powered by death 2
a: Renounce Religion, Potion Petition, Call Merchant, Bribe Branch


You were on level 9 of the Dungeon.
You worshipped Gozag.
Gozag was most pleased with you.
You visited 2 branches of the dungeon, and saw 10 of its levels.

You collected 1874 gold pieces.
You spent 749 gold pieces at shops.

Inventory:

Hand Weapons
 a - a +4 hand axe
 i - a +0 mace
 u - a +4 war axe (weapon)
Missiles
 j - 7 boomerangs (quivered)
 L - 6 javelins
 M - 2 poisoned darts
Armour
 d - an orb of light
 g - a +2 pair of gloves (worn)
 k - a +1 leather armour of willpower (worn)
 n - a +0 cloak
 q - a +0 ring mail
 z - a +1 hat of stealth (worn)
 D - a scarf of resistance (worn)
Jewellery
 e - an amulet of regeneration (around neck)
 o - a ring of poison resistance (left hand)
 t - a +6 ring of dexterity
 y - a +4 ring of protection
 E - a ring of magical power
 J - the ring of Lupp (right hand) {Str+6 Int+3 Dex+2}
   (You bought it in a shop on level 1 of the Dungeon)

   [ring of strength]

   Str:       It affects your strength (+6).
   Int:       It affects your intelligence (+3).
   Dex:       It affects your dexterity (+2).
Wands
 l - a wand of roots (3)
 G - a wand of flame (36)
Scrolls
 r - 2 scrolls of teleportation
 v - a scroll of poison
 x - 2 scrolls of immolation
 F - a scroll of fear
 I - a scroll of blinking {unknown}
 K - a scroll of magic mapping
 N - a scroll of fog
Potions
 b - 4 potions of curing
 c - 2 potions of ambrosia
 f - 3 potions of might
 h - a potion of berserk rage
 m - a potion of flight
 p - a potion of heal wounds
 w - a potion of lignification
 A - a potion of invisibility
 C - a potion of attraction
 H - a potion of haste {unknown}


   Skills:
 + Level 8.6 Fighting
 * Level 10.7 Axes
 + Level 8.5 Throwing
 + Level 7.8 Dodging


You had 10 spell levels left.
You didn't know any spells.
Your spell library contained the following spells:

 Spells                   Type           Power      Damage    Failure   Level
 Freeze                   Ice            0%         1d3       28%         1
 Blink                    Tloc           0%         N/A       41%         2
 Lesser Beckoning         Tloc           0%         N/A       41%         2
 Momentum Strike          Conj/Tloc      0%         3d8       41%         2
 Scorch                   Fire           0%         2d5       41%         2
 Static Discharge         Conj/Air       0%         2-2/arc   41%         2
 Frozen Ramparts          Ice            0%         1d1       65%         3
 Hailstorm                Conj/Ice       0%         3d3       65%         3
 Inner Flame              Hex/Fire       0%         N/A       65%         3
 Airstrike                Air            0%         2d(0-16)  96%         4
 Flame Wave               Conj/Fire      0%         2d4       96%         4
 Sticky Flame             Conj/Fire      0%         2d3       96%         4
 Summon Lightning Spire   Summ/Air       0%         N/A       96%         4
 Borgnjor's Vile Clutch   Necr/Erth      0%         N/A       100%        5
 Death Channel            Necr           0%         N/A       100%        6
 Summon Cactus Giant      Summ           0%         N/A       100%        6
 Ozocubu's Refrigeration  Ice            0%         4d7       100%        7
 Polar Vortex             Ice            0%         N/A       100%        9
 Animate Dead             Necr           Unusable   N/A       N/A         4
 Simulacrum               Ice/Necr       Unusable   N/A       N/A         6

Dungeon Overview and Level Annotations

Branches:
Dungeon (9/15)             Temple (1/1) D:6            Lair (0/5) D:8
    Orc: D:9-12

Altars:
Ashenzari
Cheibriados
Dithmenos
Fedhas
Gozag
Hepliaklqana
Kikubaaqudgha
Nemelex Xobeh
Okawaru
Ru
Sif Muna
Trog
Uskayaw
Vehumet
Wu Jian
Xom
Yredelemnul

Shops:
D:1 =

Annotations:
D:6 Joseph


Innate Abilities, Weirdness & Mutations

You have a pair of antennae on your head.
You are partially covered in rugged brown scales. (AC +1, +3% HP)
Your demonic aura sometimes causes spilled blood to erupt in flames.
You regenerate health from kills.


Message History

You start resting.
A centaur warrior comes into view. It is wielding a +0 flail.
You start resting.
You hear the quick creaking of a very distant portcullis.
The centaur warrior shouts!
The centaur warrior unwields a +0 flail.
The centaur warrior wields a +0 shortbow.
The centaur warrior shoots an arrow.
The arrow hits you.
The centaur warrior unwields a +0 shortbow.
The centaur warrior wields a +0 flail.
The centaur warrior closely misses you. x3
The centaur warrior kicks you but does no damage.
You slash the centaur warrior!
The centaur warrior is lightly wounded.
The centaur warrior hits you with a +0 flail.
The centaur warrior kicks you.
You hit the centaur warrior.
The centaur warrior is moderately wounded.
The centaur warrior hits you with a +0 flail!
The centaur warrior kicks you.
You closely miss the centaur warrior.
The centaur warrior is lightly wounded.
The centaur warrior hits you with a +0 flail!
The centaur warrior kicks you.
The centaur warrior hits you with a +0 flail.
* * * LOW HITPOINT WARNING * * *
The centaur warrior kicks you but does no damage.
You completely miss the centaur warrior.
The centaur warrior is lightly wounded.
The centaur warrior hits you with a +0 flail.
* * * LOW HITPOINT WARNING * * *
The centaur warrior closely misses you.
You slash the centaur warrior!
The centaur warrior is heavily wounded.
The centaur warrior hits you with a +0 flail!
* * * LOW HITPOINT WARNING * * *
The centaur warrior kicks you.
* * * LOW HITPOINT WARNING * * *
The centaur warrior hits you with a +0 flail!
You die...
Your body crumbles into a pile of gold.

#.# $ #.# #.# #.#
#.# { #.# #.### { ♣
#.#.####### #####♣.♣
#.#@#.♣.♣.#♣♣.(c.♣.♣
#.#c#♣.♣.♣♣♣(≈≈≈≈~≈~
#.....♣.♣.$(≈≈≈≈(≈~≈
###.#♣.♣.♣♣♣.≈≈≈≈~≈~
#)#.♣.♣.#♣♣....♣.♣
#.####### ###### ###


You could see a centaur warrior.

Vanquished Creatures
  A two-headed ogre (D:9)
  Maggie (D:7)
  A gargoyle (D:9)
  Prince Ribbit (D:7)
  A spriggan (D:7)
  9 yaks
  4 wyverns
  2 basilisks (D:8)
  A wraith (D:9)
  3 steam dragons (D:7)
  Menkaure (D:7)
  8 water moccasins
  2 orc warriors
  3 ice beasts
  2 sky beasts (D:6)
  3 black bears
  2 ogres
  A phantom (D:5)
  A kobold brigand (D:6)
  2 gnoll sergeants (D:6)
  8 bullfrogs
  3 scorpions
  8 wights (D:7)
  6 killer bees
  2 howler monkeys
  A jelly (D:5)
  3 hounds
  4 orc priests
  6 iguanas
  6 orc wizards
  19 gnolls
  3 adders
  2 shadow imps (D:6)
  3 white imps
  6 ufetubi
  3 worms
  7 dart slugs
  22 orcs
  5 endoplasms
  A giant cockroach (D:1)
  4 goblins
  10 hobgoblins
  10 jackals
  A quokka (D:5)
  9 ball pythons
  3 bats
  3 frilled lizards
  A goblin zombie (D:4)
  9 kobolds
  A quokka zombie (D:4)
  7 rats
225 creatures vanquished.

Notes
Turn   | Place    | Note
-------+----------+-------------------------------------------
     0 | D:1      | booth the Demonspawn Monk began the quest for the Orb.
     0 | D:1      | Reached XP level 1. HP: 18/18 MP: 1/1
   138 | D:1      | Gained mutation: You are partially covered in rugged brown
                  | scales. (AC +1, +3% HP) [demonic ancestry]
   138 | D:1      | Reached XP level 2. HP: 18/24 MP: 2/2
   232 | D:1      | Reached skill level 3 in Axes
   370 | D:1      | Found a faded altar of an unknown god.
   403 | D:1      | Prayed at the altar of an unknown god.
   403 | D:1      | Became a worshipper of Gozag Ym Sagoz the Greedy
   494 | D:1      | Found Izonomuc's Jewellery Emporium.
   660 | D:1      | Gained mutation: You regenerate a little health from kills.
                  | [demonic ancestry]
   660 | D:1      | Reached XP level 3. HP: 29/29 MP: 3/3
  1205 | D:2      | Found a shadowy altar of Dithmenos.
  1584 | D:3      | You fall into a shaft and drop 1 floor!
  1611 | D:4      | Gained mutation: You regenerate health from kills. [demonic
                  | ancestry]
  1611 | D:4      | Reached XP level 4. HP: 31/37 MP: 4/4
  2755 | D:4      | Noticed an ogre
  2772 | D:4      | Killed an ogre
  2773 | D:4      | Reached skill level 4 in Axes
  2773 | D:4      | Reached XP level 5. HP: 43/43 MP: 5/5
  3098 | D:4      | Reached XP level 6. HP: 28/49 MP: 6/6
  3512 | D:4      | Found an iron altar of Okawaru.
  3547 | D:4      | Reached skill level 5 in Axes
  3598 | D:4      | Found a radiant altar of Vehumet.
  3631 | D:4      | Found a shadowy altar of Dithmenos.
  3631 | D:4      | Found a basalt altar of Yredelemnul.
  3651 | D:4      | Found an ornate altar of the Wu Jian Council.
  3660 | D:4      | Found a hazy altar of Hepliaklqana.
  3789 | D:5      | Entered Level 5 of the Dungeon
  3824 | D:5      | Noticed a water moccasin
  3832 | D:5      | Killed a water moccasin
  3833 | D:5      | Reached skill level 1 in Throwing
  3877 | D:5      | Reached XP level 7. HP: 56/56 MP: 7/7
  4043 | D:5      | Reached skill level 5 in Fighting
  4166 | D:5      | Reached skill level 6 in Axes
  4998 | D:6      | Gained mutation: You have a pair of small antennae on your
                  | head. [demonic ancestry]
  4998 | D:6      | Reached XP level 8. HP: 63/63 MP: 8/8
  5106 | D:6      | Reached skill level 5 in Dodging
  5374 | D:1      | Bought the ring of Lupp {Str+6 Int+3 Dex+2} for 749 gold
                  | pieces
  5508 | D:5      | Reached skill level 7 in Axes
  5911 | D:6      | Reached XP level 9. HP: 67/71 MP: 9/9
  6096 | D:6      | Found a staircase to the Ecumenical Temple.
  6308 | Temple   | Entered the Ecumenical Temple
  6622 | D:7      | Noticed Joseph
  6826 | D:7      | Noticed Maggie
  6862 | D:7      | Killed Maggie
  6863 | D:7      | Reached skill level 8 in Axes
  6863 | D:7      | Reached skill level 5 in Throwing
  7280 | D:7      | Noticed Prince Ribbit
  7290 | D:7      | Killed Prince Ribbit
  7331 | D:7      | Noticed Menkaure
  7338 | D:7      | Killed Menkaure
  7339 | D:7      | Reached skill level 9 in Axes
  7345 | D:7      | Gained mutation: You have a pair of antennae on your head.
                  | [demonic ancestry]
  7345 | D:7      | Reached XP level 10. HP: 40/81 MP: 10/10
  8168 | D:8      | Found a staircase to the Lair.
  8821 | D:8      | Reached skill level 10 in Axes
  9364 | D:9      | Noticed a gargoyle
  9374 | D:9      | Killed a gargoyle
  9701 | D:9      | Gained mutation: Your demonic aura sometimes causes spilled
                  | blood to erupt in flames. [demonic ancestry]
  9701 | D:9      | Reached XP level 11. HP: 89/89 MP: 11/11
  9766 | D:9      | Noticed a two-headed ogre
  9778 | D:9      | Killed a two-headed ogre
  9781 | D:9      | Noticed a centaur warrior
  9813 | D:9      | Slain by a centaur warrior

Illustrated notes

Levels and vault maps discovered:
D:1:      eino_arrival_water_star, layout_loops_ring, serial_shops,
          nicolae_shop_rolling_square, hellmonk_ecumenical_altar_dog_temple
D:2:      layout_basic, basic_altar
D:3:      layout_basic
D:4:      layout_loops_cross, okawaru_metal_pillars_1_2,
          minmay_overflow_temple_hex, enter_ossuary_4
D:5:      layout_loops_ring, nicolae_hexahallways
D:6:      layout_basic, minmay_temple_entry_grid, serial_demonic,
          serial_demonic_e, serial_demonic_g, serial_demonic_f,
          serial_demonic_a, serial_demonic_g, serial_demonic_e,
          serial_demonic_a, minmay_manual_maat
D:7:      layout_loops_corners, elyvilon_altar_1, grunt_ministairs_10,
          the_hattery, uniq_joseph, uniq_maggie, uniq_prince_ribbit1,
          uniq_menkaure
D:8:      layout_basic, minmay_lair_entry_grove
D:9:      nzn_winding_woodlands_large [nzn_winding_woodlands_5x5_closed_star,
          nzn_winding_woodlands_5x15_river_crossing,
          nzn_winding_woodlands_5x5_checkerboard,
          nzn_winding_woodlands_center_garden,
          nzn_winding_woodlands_15x15_eel_pit,
          nzn_winding_woodlands_center_pierced_h,
          nzn_winding_woodlands_hourglass, nzn_winding_woodlands_5x15_eye,
          nzn_winding_woodlands_5x5_perimeter], layout_basic, enter_bailey_3
Temple:   chequers_temple_sunken

Skill      XL: |  1  2  3  4  5  6  7  8  9 10 |
---------------+-------------------------------+-----
Axes           | 3 4 5 6 7 9 10 | 10.7
Dodging        | 3 4 5 6 7 |  7.8
Fighting       | 4 5 6 7 8 |  8.6
Throwing       | 1 2 3 6 8 |  8.5

Action                     |  1- 3 |  4- 6 |  7- 9 | 10-12 || total
---------------------------+-------+-------+-------+-------++-------
  Melee: Hand axe          |   119 |   175 |   349 |       ||   643
         Punch             |       |     3 |    11 |     2 ||    16
         War axe           |       |       |    52 |   212 ||   264
  Throw: Boomerang         |     1 |    19 |    62 |    39 ||   121
         Dart              |       |       |     1 |     4 ||     5
  Evoke: Wand              |       |       |     1 |       ||     1
    Use: Scroll            |     6 |     8 |     9 |     4 ||    27
         Potion            |     1 |     1 |     6 |       ||     8
   Stab: Distracted        |     1 |       |       |     3 ||     4
         Sleeping          |       |     1 |       |       ||     1
 Armour: Robe              |     5 |       |       |       ||     5
         Leather armour    |    40 |    48 |   118 |    55 ||   261
  Dodge: Dodged            |    70 |    98 |   315 |   158 ||   641
